 Dungeon Crawl Stone Soup version 0.30-a0-722-g3e6e8c874d (webtiles) character file.

Game seed: 17828269147375809692

1158 pokeman the Thaumaturge (level 8, 0/38 (44) HPs)
             Began as a Deep Elf Hedge Wizard on Jan 28, 2023.
             Slain by an orc priest
             ... wielding a +0 short sword
              (2 damage)
             ... on level 5 of the Dungeon.
             The game lasted 00:10:41 (5549 turns).

pokeman the Thaumaturge (Deep Elf Hedge Wizard)     Turns: 5549, Time: 00:10:42

HP:   0/38 (44)     AC:  3    Str:  7    XL:     8   Next: 16%
MP:   13/22         EV: 13    Int: 22    God:
Gold: 134           SH:  0    Dex: 14    Spells: 12/23 levels left

rFire   . . .      SeeInvis .    w - +5 club
rCold   . . .      Faith    .    (no shield)
rNeg    + . .      Spirit   .    b - +0 robe
rPois   .          Reflect  .    x - +0 helmet
rElec   .          Harm     .    (no cloak)
rCorr   .          Rampage  .    (no gloves)
Will    +....                    (no boots)
Stlth   ++                       (no amulet)
HPRegen 0.26/turn                i - ring of positive energy
MPRegen 0.18/turn                l - ring of willpower

@: very slightly contaminated, heavily drained
A: no striking features
a: no special abilities


You were on level 5 of the Dungeon.
You visited 1 branch of the dungeon, and saw 5 of its levels.

You collected 215 gold pieces.
You spent 81 gold pieces at shops.

Inventory:

Hand Weapons
 w - a +5 club (weapon)
Armour
 b - a +0 robe (worn)
 x - a +0 helmet (worn)
Magical Staves
 k - a staff of air
 n - a staff of earth
Jewellery
 i - a ring of positive energy (left hand)
 l - a ring of willpower (right hand)
 o - a ring of see invisible
Wands
 c - a wand of light (11)
 y - a wand of flame (22)
 z - a wand of paralysis (13)
Scrolls
 a - a scroll of immolation {unknown}
 e - 2 scrolls of teleportation {unknown}
 f - 4 scrolls of identify {unknown}
 h - a scroll of brand weapon {unknown}
 j - a scroll of acquirement {unknown}
 m - 2 scrolls of enchant weapon {unknown}
 p - a scroll of noise {unknown}
 s - a scroll of fog {unknown}
 A - a scroll of enchant armour {unknown}
Potions
 d - a potion of magic
 g - 4 potions of curing
 q - a potion of lignification {unknown}
 r - a potion of invisibility {unknown}
 t - a potion of degeneration {unknown}
 u - a potion of flight {unknown}
 v - a potion of heal wounds {unknown}
 B - a potion of might {unknown}
 C - a potion of haste {unknown}


   Skills:
 - Level 2.0 Fighting
 + Level 1.3 Armour
 - Level 3.0 Dodging
 - Level 3.0 Stealth
 * Level 8.4 Spellcasting
 + Level 6.3 Conjurations
 + Level 2.8 Summonings
 - Level 1.1 Translocations
 - Level 1.1 Air Magic
 - Level 1.0 Earth Magic
 - Level 1.1 Poison Magic
 - Level 1.1 Evocations


You had 12 spell levels left.
You knew the following spells:

 Your Spells              Type           Power      Damage    Failure   Level
a - Magic Dart            Conj           100%       1d8       1%          1
b - Mephitic Cloud        Conj/Pois/Air  22%        N/A       6%          3
c - Call Imp              Summ           21%        N/A       3%          2
d - Blink                 Tloc           28%        N/A       7%          2
e - Stone Arrow           Conj/Erth      50%        3d10      4%          3

Your spell library contained the following spells:

 Spells                   Type           Power      Damage    Failure   Level
 Slow                     Hex            36%        N/A       7%          1
 Cigotuvi's Dreadful Rot  Necr/Pois/Air  24%        N/A       8%          2
 Animate Armour           Summ/Erth      34%        N/A       32%         4
 Lehudib's Crystal Spear  Conj/Erth      12%        10d4      100%        8


Dungeon Overview and Level Annotations

Branches:
Dungeon (5/15)
 Temple: D:4-7

Altars:
Cheibriados
Gozag
Kikubaaqudgha
Nemelex Xobeh
Sif Muna

Shops:
D:1 !   D:2 =*:


Message History

Your crimson imp completely misses the necrophage.
The orc completely misses your crimson imp.
The necrophage hits you. You partially resist.
You feel drained.
You hit the necrophage but do no damage.
The necrophage is lightly damaged.
Your crimson imp closely misses the necrophage.
The orc hits your crimson imp but does no damage.
The necrophage hits you.
* * * LOW HITPOINT WARNING * * *
You partially resist.
You feel drained.
You barely miss the necrophage.
The necrophage is lightly damaged.
The orc priest seems less confused.
Your crimson imp closely misses the necrophage.
The orc completely misses your crimson imp.
The orc priest closely misses you. The necrophage hits you.
* * * LOW HITPOINT WARNING * * *
The necrophage attacks as you move away!
The necrophage hits you.
* * * LOW HITPOINT WARNING * * *
You partially resist.
You feel drained.
The orc priest attacks as you move away!
The orc priest hits you with a +0 short sword.
* * * LOW HITPOINT WARNING * * *
Your crimson imp closely misses the necrophage.
The orc hits your crimson imp with a +0 club.
You hit the necrophage.
The necrophage is lightly damaged.
Your crimson imp hits the orc priest.
The necrophage hits you but does no damage.
The orc priest hits you but does no damage.
The necrophage hits you but does no damage.
Casting: Magic Dart (safe; 1% risk of failure)
Confirm with . or Enter, or press ? or * to list all spells.
You miscast Blink.
You are very lightly contaminated with residual magic.
Nothing appears to happen.
Your crimson imp blinks!
The orc priest hits you with a +0 short sword.
You die...

#.# #.# #########
###(######.......#
#.o.n.5.##.......# #. ..#.####
#.#.###o##.......# #. #.#.....
#ยง#.###.##.......# #.##.......
###n#..##n##.......####..........
#..o##.##.##...o...#.. .....#####
#.#..#)##.##..on@..#.# #..!#
...............###5#.####...# ###
#######).......###$#........###..
#.....#...###.../...............#
#..$..#.....#..###...#.#####.#..#
#.$_..+...#......##.$#.......#..#
#..$$.#...###..#.##..#.#...#.#..#
#.....#........#.....#.#._.#.#...
#######.#............#.#...#.#.!.


You could see a necrophage (ally target), an orc priest, an orc and a friendly
crimson imp (summoned).

Vanquished Creatures
  Sigmund (D:2)
  A black bear (D:4)
  2 ogres
  A phantom (D:4)
  Blork the orc (D:4)
  4 scorpions
  A gnoll bouda (D:3)
  A hound (D:5)
  An iguana (D:4)
  Ijyb (D:4)
  An orc wizard (D:5)
  Robin (D:4)
  2 gnolls
  8 adders
  2 worms
  5 dart slugs
  11 orcs
  5 ball pythons
  4 bats
  6 endoplasms
  5 giant cockroaches
  6 goblins
  8 hobgoblins
  5 quokkas
  4 frilled lizards
  4 kobolds
  5 rats
96 creatures vanquished.

Vanquished Creatures (collateral kills)
  2 gnolls (D:3)
  A worm (D:2)
  2 orcs (D:5)
  A ball python (D:3)
6 creatures vanquished.

Grand Total: 102 creatures vanquished

Notes
Turn   | Place    | Note
-------+----------+-------------------------------------------
     0 | D:1      | pokeman the Deep Elf Hedge Wizard began the quest for the
                  | Orb.
     0 | D:1      | Reached XP level 1. HP: 10/10 MP: 7/7
   393 | D:1      | Reached XP level 2. HP: 16/16 MP: 5/9
  1018 | D:1      | Reached skill level 5 in Spellcasting
  1088 | D:1      | Found Sostit's Distillery.
  1095 | D:1      | Bought a potion of curing for 42 gold pieces
  1528 | D:2      | Reached XP level 3. HP: 20/20 MP: 8/11
  1532 | D:2      | Learned a level 3 spell: Mephitic Cloud
  1535 | D:2      | Learned a level 2 spell: Call Imp
  1538 | D:2      | Learned a level 2 spell: Blink
  1770 | D:2      | Reached skill level 1 in Fighting
  1816 | D:2      | Noticed Sigmund
  1834 | D:2      | Killed Sigmund
  1835 | D:2      | Reached skill level 5 in Conjurations
  1835 | D:2      | Reached XP level 4. HP: 14/25 MP: 3/13
  1835 | D:2      | Reached XP level 5. HP: 16/29 MP: 3/14
  1941 | D:2      | Found Jerickoa's Book Emporium.
  1988 | D:2      | Reached skill level 1 in Armour
  2004 | D:2      | Found Motrew's Jewellery Boutique.
  2537 | D:2      | Found Bebenair's General Store.
  2544 | D:2      | Bought a potion of curing for 39 gold pieces
  3385 | D:2      | Reached XP level 6. HP: 26/34 MP: 10/16
  3755 | D:3      | Reached skill level 6 in Spellcasting
  3866 | D:3      | Found an opulent altar of Gozag.
  4094 | D:4      | Found a shimmering blue altar of Sif Muna.
  4103 | D:4      | Reached skill level 1 in Earth Magic
  4117 | D:4      | Reached skill level 1 in Air Magic
  4123 | D:4      | Reached XP level 7. HP: 29/38 MP: 3/18
  4128 | D:4      | Learned a level 3 spell: Stone Arrow
  4149 | D:4      | Reached skill level 1 in Poison Magic
  4149 | D:4      | Found a snail-covered altar of Cheibriados.
  4282 | D:4      | Noticed Ijyb
  4283 | D:4      | Noticed Robin
  4315 | D:4      | Reached skill level 7 in Spellcasting
  4321 | D:4      | Killed Ijyb
  4322 | D:4      | Reached skill level 1 in Evocations
  4328 | D:4      | Killed Robin
  4669 | D:4      | Noticed Blork the orc
  4682 | D:4      | Killed Blork the orc
  5208 | D:4      | Reached skill level 8 in Spellcasting
  5208 | D:4      | Reached XP level 8. HP: 18/44 MP: 17/22
  5410 | D:5      | Entered Level 5 of the Dungeon
  5433 | D:5      | Found a sparkling altar of Nemelex Xobeh.
  5458 | D:5      | Found an ancient bone altar of Kikubaaqudgha.
  5547 | D:5      | HP: 1/38 [orc priest/+0 short sword (4)]
  5549 | D:5      | Slain by an orc priest

Illustrated notes

Levels and vault maps discovered:
D:1:      eino_arrival_cavern_d, layout_basic, serial_shops, shop
D:2:      minmay_skewed_foursquare, layout_loops_corners, serial_shops,
          shop_statue, shop_statue, shop, uniq_sigmund
D:3:      layout_basic, grunt_gozag_statues
D:4:      layout_basic, mainiacjoe_overflow_catwalk_spiral, nicolae_goblin_pals,
          uniq_blork_the_orc
D:5:      layout_loops_cross, amcnicky_altar_gilded,
          mainiacjoe_overflow_cross_hatched, gup_sewer_entry_glass,
          minmay_holes, uniq_eustachio

Skill      XL: |  1  2  3  4  5  6  7 |
---------------+----------------------+-----
Spellcasting   | 5 6 8 |  8.4
Fighting       | 1 2 |  2.0
Conjurations   | 5 6 |  6.3
Armour         | 1 |  1.3
Dodging        | 3 |  3.0
Stealth        | 3 |  3.0
Earth Magic    | 1 |  1.0
Air Magic      | 1 |  1.1
Poison Magic   | 1 |  1.1
Evocations     | 1 |  1.1
Summonings     | 2 |  2.8
Translocations | |  1.1

Action                     |  1- 3 |  4- 6 |  7- 9 || total
---------------------------+-------+-------+-------++-------
  Melee: Dagger            |    13 |    14 |       ||    27
         Punch             |     1 |     1 |     3 ||     5
         Short sword       |       |    15 |    30 ||    45
         Club              |       |       |    53 ||    53
   Cast: Magic Dart        |    73 |    84 |    41 ||   198
         Mephitic Cloud    |     2 |     7 |    14 ||    23
         Call Imp          |       |     8 |     5 ||    13
   Stab: Confused          |     1 |     5 |    10 ||    16
 Armour: Robe              |     4 |     3 |    10 ||    17
  Dodge: Dodged            |    14 |    21 |    54 ||    89

Table legend: (Time is in decaauts)
 A = Elapsed time spent in this place.
 B = Non-inter-level travel time spent in this place.
 C = Inter-level travel time spent in this place.
 D = Time resting spent in this place.
 E = Time spent auto-exploring this place.
 F = Levels seen in this place.
 G = Mean time per level.
                   A        B        C        D        E       F      G
               +--------+--------+--------+--------+--------+-----+--------+
         Total |   5547 |   5395 |    152 |    144 |   4493 |   5 | 1109.4 |
       Dungeon |   5547 |   5395 |    152 |    144 |   4493 |   5 | 1109.4 |
               +--------+--------+--------+--------+--------+-----+--------+

Top non-repeatable levels by time:
     D:2: 1581 daAuts
     D:1: 1481 daAuts
     D:4: 1308 daAuts
     D:3: 1029 daAuts
     D:5: 146 daAuts
